[Event "FIDE Rating Open 2024"]
[Site "Dhaka"]
[Date "2024.01.17"]
[Round "3.3"]
[White "Mohammad Minhaz Uddin"]
[Black "Uddin, Saif"]
[Result "1-0"]
[ECO "B07"]
[WhiteElo "2224"]
[BlackElo "1938"]
[Annotator "TA"]
[PlyCount "77"]
[EventDate "2024.01.16"]
[EventType "swiss"]
[EventCountry "BAN"]
[SourceTitle "playchess.com"]
[Source "ChessBase"]
[SourceQuality "1"]
[TimeControl "5400+30"]

1. e4 d6 2. d4 Nf6 3. Nc3 c6 4. a4 Qa5 5. Bd3 e5 6. Nge2 Nbd7 7. O-O Be7 8. Bd2 Qc7 {[%emt 0:00:51] White is slightly better.} 9. a5 O-O 10. f4 exd4 11. Nxd4 Nc5 12. h3 Re8 13. b4 Nxd3 14. cxd3 Bd7 15. Nc2 b6 16. g4 Reb8 17. axb6 axb6 18. Rxa8 Rxa8 19. g5 Ne8 20. Qf3 Qb7 (20... Qd8 $11 {remains equal.}) 21. f5 $16 Bf8 22. h4 {[%emt 0:00:48] White is more active.} c5 23. Rf2 Ba4 24. Ne3 cxb4 25. Ncd5 {[%emt 0:00:02] Excellent horsemanship.} b3 (25... Nc7 $16) 26. Bc3 $18 Bb5 $2 {[%emt 0:03:06] [#] This move loses the game for Black.} (26... Nc7 $16 {was worth a try.}) 27. g6 $1 {[%emt 0:06:17][%mdl 512] aiming for Qh5.} Ra2 (27... Bxd3 $2 28. Qh5 h6 29. f6 $18) 28. Bb2 Bc6 (28... Rxb2 $142 29. Rxb2 Bc6 30. Rxb3 Bxd5 31. Nxd5 hxg6) 29. gxh7+ $2 (29. Qh5 h6 30. f6 gxf6 31. Rxf6 Bxd5 32. Nxd5 Nxf6 33. Nxf6+ Kg7 (33... Kh8 34. g7+ Bxg7 35. Qf5) 34. Ng4+ Kg8 35. Nxh6+ (35. Nf6+ Kg7 $18) 35... Bxh6 36. Qxh6 fxg6 (36... Rxb2 37. g7 Rb1+ 38. Kh2 Rb2+ 39. Kg3) 37. Qh8+ (37. Qxg6+ Kf8 $11) 37... Kf7 38. Qg7+ Ke6 39. Qxb7 (39. Qxg6+ Kd7 $11) 39... Rxb2 40. Qg7 (40. Qxb6 Ke5 $18) 40... Rb1+ 41. Kg2) 29... Kxh7 30. f6 {[%emt 0:10:19] Strongly threatening Qh5+.} Bxd5 (30... Kg8 {was necessary.} 31. Qh5 (31. fxg7 Bxg7 32. Bxg7 Rxf2 $11) 31... Rxb2 32. Rxb2 Bxd5 33. Nxd5 (33. Qxd5 Qc8 $11) 33... Qc6) 31. Nxd5 $40 {[%emt 0:00:15][%mdl 128] [#] White wants to mate with Qh5+. White attacks with force.} Qd7 $2 (31... Kg8 $18 32. Rg2 Qa7) 32. Qh5+ (32. Nxb6 Qa7 33. Kg2 Nxf6 $17 (33... Qxb6 34. fxg7 Nxg7 35. Qxf7 $15) (33... Rxb2 34. Rxb2 Qxb6 35. fxg7 $11)) 32... Kg8 33. fxg7 (33. Nxb6 $2 Qa7 34. Nc4 Nxf6 $19 (34... gxf6 35. Kg2 $11)) (33. Ne7+ $142 Bxe7 34. fxg7 Qg4+ 35. Qxg4 Rxb2 36. Qh5 (36. Rxb2 Nxg7 37. Rxb3 Bd8 $18) 36... Rb1+ 37. Kh2 Nxg7 38. Qxf7+ Kh8 39. Rg2 (39. Qxe7 b2 $18)) 33... Bxg7 {[%emt 0:00:08] White is clearly winning.} 34. Bxg7 (34. Nxb6 $2 Qa7 35. Qb5 Rxb2 $19) 34... Kxg7 35. Qg5+ Kf8 36. Qh6+ (36. Nxb6 $2 Qh3 37. Qh6+ Kg8 38. Rxa2 bxa2 39. Qg5+ Ng7 $19) 36... Kg8 37. Rf5 (37. Nxb6 Qg4+ 38. Kh1 Qh3+ (38... Rxf2 39. Qg5+ Qxg5 40. hxg5 b2 41. Kg1 Rc2 42. Kh1 b1=Q#) 39. Kg1 Ra1+ (39... Qxd3 40. Qg5+ Ng7 41. Nd7 $15) (39... Qxd3 40. Qg5+ Ng7 41. Nd7 $11)) 37... f6 {[%emt 0:00:02] Prevents Rg5+.} 38. Nxf6+ (38. Nxb6 Qxf5 39. exf5 b2 40. Kg2 b1=Q+ (40... b1=R+ 41. Kf3 $11) 41. Kf3 Qh1+ (41... Qxb6 $2 42. Qe3 $19) 42. Kg4 Qe1 (42... Rg2+ {gets mated.} 43. Kf3 Rd2+ 44. Ke3 Qe1+ 45. Kd4 Qe5+ 46. Kc4 Rc2+ 47. Kb4 Rb2+ 48. Ka3 Qc3+ 49. Ka4 Qb4#) 43. Qg6+ Ng7) (38. Qg6+ $2 Qg7 39. Qxg7+ (39. Ne7+ $2 Kf8 $19) 39... Kxg7 $19) 38... Nxf6 39. Qxf6 {[%emt 0:00:22] Weighted Error Value: White=0.28 (precise) /Black=0.69.  Loses game:     	---       	Black=1      Mistake:       	White=1     	Black=5      Inaccurate:     	White=2     	Black=3      OK:         	White=9     	Black=11     Best:        	White=4     	---} 1-0

[Event "FIDE Rating Open 2024"]
[Site "Dhaka"]
[Date "2024.01.17"]
[Round "3.4"]
[White "Abu Sufian, Shakil"]
[Black "Hossain, Delwar"]
[Result "1-0"]
[ECO "B19"]
[WhiteElo "2199"]
[BlackElo "1930"]
[Annotator "TA"]
[PlyCount "100"]
[EventDate "2024.01.16"]
[EventType "swiss"]
[EventCountry "BAN"]
[SourceTitle "playchess.com"]
[Source "ChessBase"]
[SourceQuality "1"]
[TimeControl "5400+30"]

1. e4 c6 2. d4 d5 3. Nc3 dxe4 4. Nxe4 Bf5 5. Ng3 Bg6 6. h4 h6 7. Nf3 e6 8. Ne5 Bh7 9. Bd3 Bxd3 10. Qxd3 Nd7 11. f4 Ngf6 12. Bd2 Be7 13. O-O-O c5 14. Qf3 {[%emt 0:35:01] f5 would now be deadly.} cxd4 15. Qxb7 {[%emt 0:00:40] The position is equal.} Qc8 {[%emt 0:02:27] Against Nc6} (15... Rb8 $11 {remains equal.} 16. Qa6 Rb6) 16. Qxc8+ $16 {[%emt 0:02:18] White stays focused until the end.} Rxc8 {[%emt 0:00:09] [#]} 17. Nxd7 Nxd7 18. Be1 Nb6 19. Rxd4 Nd5 20. Bd2 Bc5 21. Rd3 f5 {[%emt 0:02:18] [#]} (21... a5 $16 {keeps fighting.} 22. a3 (22. Bxa5 Nxf4 23. Rf3 Nd5 $16) 22... O-O) 22. Nxf5 $1 O-O 23. Nd4 Nxf4 24. Bxf4 Rxf4 25. Nxe6 Rf6 26. Nxc5 Rxc5 $18 {[%emt 0:00:13][%mdl 4096] Endgame. KRR-KRR} 27. b3 a5 28. a4 Rf2 29. Rd2 Rf4 30. Kb2 Rg4 31. Rh3 Rh5 32. g3 Re5 33. Rd3 Rge4 34. Rh1 Kh7 35. Rhd1 Kg6 36. Rd5 Kf5 37. Rxe5+ Kxe5 {[%emt 0:01:27] KR-KR} 38. Rd3 g5 39. hxg5 hxg5 40. c4 g4 41. Rd5+ Ke6 42. Kc3 Re1 43. Kd2 {[%emt 0:03:31] Against Rc1} Rg1 44. Rd3 (44. Rxa5 Rxg3 45. Kc2 Kf6 $18) 44... Ke5 (44... Rg2+ $142 45. Kc3 Rg1) 45. c5 Rh1 46. Rc3 {[%emt 0:06:04] c6 is the strong threat.} Ke4 47. c6 Rh2+ 48. Kc1 {[%emt 0:00:17] And now Rc4+ would win.} Rh8 49. c7 Rc8 50. Kd2 {[%emt 0:00:10] Ke2 would kill now.} Kd5 {[%emt 0:44:48] Weighted Error Value: White=0.16 (very precise) /Black=0.40.  Mistake:       	---       	Black=3      Inaccurate:     	---       	Black=1      OK:         	White=21    	Black=6      Best:        	White=2     	Black=1} 1-0

[Event "FIDE Rating Open 2024"]
[Site "Dhaka"]
[Date "2024.01.17"]
[Round "3.5"]
[White "Sajidul, Haque"]
[Black "Anata, Choudhury"]
[Result "1-0"]
[ECO "B55"]
[WhiteElo "1922"]
[BlackElo "2196"]
[Annotator "RC"]
[PlyCount "127"]
[EventDate "2024.01.16"]
[EventType "swiss"]
[EventCountry "BAN"]
[SourceTitle "playchess.com"]
[Source "ChessBase"]
[SourceQuality "1"]
[TimeControl "5400+30"]

1. e4 c5 2. Nf3 d6 3. d4 cxd4 4. Nxd4 Nf6 5. f3 e5 6. Nb3 Be7 7. c4 a5 8. Be3 a4 9. N3d2 O-O 10. Nc3 Qa5 11. Rc1 Bd8 12. c5 dxc5 13. Nc4 Qc7 14. Nb5 Qe7 15. Nbd6 Nbd7 16. Nf5 Qe6 17. Ncd6 b5 18. Bxb5 Ba5+ 19. Kf2 Ba6 20. Bxa4 Qxa2 21. Qb3 Qxb3 22. Ne7+ Kh8 23. Bxb3 Ng8 24. Nc6 c4 25. Bxc4 Bxc4 26. Rxc4 Bc7 27. Nxe5 Bxd6 28. Nxd7 Rfd8 29. Nb6 Ra2 30. Bd4 Ne7 31. Ke2 Ng6 32. g3 h5 33. f4 Kh7 34. Kf3 Bb8 35. Nd5 Ba7 36. Nb4 Rxd4 37. Rxd4 Rxb2 38. Nd3 Bxd4 39. Nxb2 Bxb2 40. Rb1 Ba3 41. Ra1 Bb2 42. Ra5 Kh6 43. Rb5 Bc3 44. e5 Bd4 45. Rd5 Bc3 46. Rc5 Bb4 47. Rc4 Ba5 48. Ke4 Nf8 49. Ra4 Bc7 50. Ra7 Ne6 51. f5 Ng5+ 52. Kd5 Bxe5 53. Kxe5 f6+ 54. Kd6 Nf3 55. h4 Nd4 56. Ra5 Ne2 57. Ke6 Nxg3 58. Kf7 Kh7 59. Kf8 Kh8 60. Rd5 Kh7 61. Kf7 Ne4 62. Rd3 Nf2 63. Rd7 Ng4 64. Kf8 1-0

[Event "FIDE Rating Open 2024"]
[Site "Dhaka"]
[Date "2024.01.17"]
[Round "3.6"]
[White "Ahmed, Sheikh Nasir"]
[Black "Mahmood, Nasir Uddin"]
[Result "1-0"]
[ECO "A14"]
[WhiteElo "2182"]
[BlackElo "1885"]
[Annotator "TA"]
[PlyCount "36"]
[EventDate "2024.01.16"]
[EventType "swiss"]
[EventCountry "BAN"]
[SourceTitle "playchess.com"]
[Source "ChessBase"]
[SourceQuality "1"]
[TimeControl "5400+30"]

1. c4 e6 2. g3 d5 3. Nf3 Nf6 4. Bg2 c6 5. b3 Be7 6. O-O O-O 7. Bb2 Nbd7 8. d3 h6 9. Re1 a5 10. Nc3 Re8 {[%emt 0:00:44] White has an edge.} 11. Qc2 Rb8 12. Rad1 b5 13. e4 bxc4 14. bxc4 dxc4 (14... Nc5 $14) 15. dxc4 $16 Qb6 16. Na4 Qa7 (16... Qc7 $16) 17. e5 $18 Nh7 18. Nd4 Bb7 {[%emt 0:03:29] Weighted Error Value: White=0.10 (very precise) /Black=0.37.  Mistake:       	---       	Black=2      Inaccurate:     	White=2     	Black=1      OK:         	White=2     	Black=3      Best:        	White=2     	---} 1-0

[Event "FIDE Rating Open 2024"]
[Site "Dhaka"]
[Date "2024.01.18"]
[Round "4.1"]
[White "Sakline Mostafa, Sajid"]
[Black "Rahman, Ziaur"]
[Result "1/2-1/2"]
[ECO "D35"]
[WhiteElo "2110"]
[BlackElo "2428"]
[Annotator "TA"]
[PlyCount "180"]
[EventDate "2024.01.16"]
[EventType "swiss"]
[EventCountry "BAN"]
[SourceTitle "playchess.com"]
[Source "ChessBase"]
[SourceQuality "1"]
[TimeControl "5400+30"]

1. d4 d5 2. c4 e6 3. Nc3 Nf6 4. Nf3 Nbd7 5. Bf4 Bb4 6. cxd5 exd5 7. e3 Ne4 {[%emt 0:02:46] D35: Queen's Gambit Declined: Exchange Variation.} 8. Qc2 g5 9. Be5 f6 {[%emt 0:03:39] The position is equal.} 10. Bg3 {[%emt 0:00:00] [#]} Nb6 $146 ({Predecessor:} 10... h5 11. h4 g4 12. Ng1 Nxg3 13. fxg3 Qe7 14. Kf2 Nb6 15. Bd3 Be6 16. Nge2 O-O-O {1-0 Indjic,A (2631)-Kravtsiv,M (2598) Speed Chess Q2 blitz 2022 (8)}) 11. Bd3 Bf5 12. Nd2 Qe7 13. O-O Bxc3 (13... Nxg3 $11 {remains equal.} 14. hxg3 Bxd3 15. Qxd3 h5) 14. Bxe4 $16 (14. bxc3 $6 Nxd2 15. Qxd2 Bxd3 16. Qxd3 O-O $11) 14... dxe4 15. bxc3 Bg6 (15... h5 $142) 16. c4 ({White should play} 16. a4 $16) 16... O-O $14 17. Rab1 c5 18. dxc5 Qxc5 19. Rb5 (19. Nxe4 $2 Qxc4 20. Qxc4+ Nxc4 21. Nxf6+ Rxf6 $19) 19... Qc6 20. Rfb1 Rf7 21. c5 Rd8 22. Ra5 Nc8 23. Nb3 b6 24. Ra6 Qb5 25. Ra3 Qd3 {[%emt 0:03:49] Prevents Nd4} 26. Qc1 {[%emt 0:00:00] Nd4 would be deadly.} Qd5 (26... bxc5 $14 27. Nxc5 Qd5) 27. Ra4 (27. c6 $142) 27... bxc5 $16 28. Nxc5 Qc6 29. Ra6 Nb6 30. Na4 {[%emt 0:00:00][%mdl 64] [#] Discovered Attack} Qc4 (30... Qxc1+ $11 31. Rxc1 Nxa4 32. Rxa4 Rdd7) 31. Qxc4 $14 Nxc4 32. Rc6 $36 {[%emt 0:00:00][%mdl 2048] White has the initiative.} Rfd7 {[%emt 0:03:13] ( -> ...Rd1+)} 33. Nc3 {[%emt 0:01:06] Inhibits Rd1+.} Nd2 34. Rb4 ({Better is} 34. Rc1 $16) 34... Kg7 (34... Be8 $14) 35. h4 $16 h6 36. Ra4 Rb7 $2 (36... Be8 $14) 37. Raa6 $18 Rd3 38. Rxf6 (38. hxg5 hxg5 39. Rxf6 Rxc3) 38... Rb6 39. Rfxb6 ({Resist} 39. Raxb6 axb6 40. Rc6 (40. Rxb6 Nc4 $18) 40... Kh7 $18) 39... axb6 40. Be5+ Kf7 41. Rxb6 gxh4 $2 (41... Nc4) 42. Rf6+ Kg7 43. Rf4+ Kh7 44. Rxh4 Nc4 45. Bd4 Nd6 46. Rf4 h5 (46... Nf5 $142) 47. Rf8 Kh6 48. a4 {[%emt 0:01:14] Hoping for a5.} Nf5 49. Be5 ({Inferior is} 49. Nxe4 Nxd4 50. Nc5 Ne2+ 51. Kh2 Rc3 $11) 49... Ne7 50. Rf6 Nd5 51. Nxd5 ({Weaker is} 51. Nxe4 Nxf6 52. Nxf6 Ra3 $11) 51... Rxd5 {[%emt 0:00:00][%mdl 4096] Endgame KRB-KRB} 52. Bf4+ Kg7 53. Ra6 h4 (53... Be8 $142 54. a5 Kf7) 54. a5 Bf5 55. Bg5 h3 56. Bf6+ Kf7 57. Bd4 {[%emt 0:00:35] Strongly threatening Rf6+.} hxg2 58. Kxg2 Bg4 (58... Bd7 {was worth a try.} 59. Kg3 Rf5) 59. Ra7+ Ke6 60. Ra6+ $2 (60. a6 $18 Be2 61. Rh7) 60... Ke7 $2 (60... Kf7 $1 $11) 61. Kg3 Be2 62. Ra8 {[%emt 0:00:49] aiming for a6.} Ke6 63. Re8+ Kf5 64. Rf8+ Kg5 65. Rf4 Rxa5 66. Rxe4 Rb5 67. f3 Rb1 68. Rg4+ Kf5 69. e4+ Ke6 70. Kf4 Rf1 71. Rg3 Rd1 72. Ke3 Bc4 73. Bb2 Rd3+ 74. Kf4 Rb3 75. Bd4 Be2 76. Be3 Kf7 77. Rg2 Bd3 78. Ke5 $2 ({White should try} 78. Bd4 $18) 78... Bb5 $1 $14 79. Kf4 $2 (79. Bc5 $14) 79... Bd3 $1 $18 80. Bc5 Bb5 81. Rd2 Rc3 82. Bd4 Ra3 83. Kg3 Bc6 84. Kg4 $2 (84. Kf2 $18) 84... Bd7+ $1 $11 85. Kf4 $2 (85. Kg5 $14 Rxf3 86. Rh2) 85... Bb5 $1 $18 86. Rc2 Ke6 87. Rc5 {[%emt 0:00:29] And now Re5+ would win.} Be2 88. Rc3 (88. Rc6+ $18 Kd7 89. Rc3 Rxc3 90. Bxc3) 88... Ra4 (88... Rxc3 $16 89. Bxc3 Bb5) 89. Ke3 (89. Bh8 $18 {and White stays clearly on top.}) 89... Bxf3 $16 {[%emt 0:00:38][%mdl 64] [#] Deflection} 90. Kxf3 {[%emt 0:00:18] Ke3 is the strong threat.} Rxd4 {[%emt 0:00:02] Weighted Error Value: White=0.26 (precise) /Black=0.45} 1/2-1/2

[Event "FIDE Rating Open 2024"]
[Site "Dhaka"]
[Date "2024.01.18"]
[Round "4.2"]
[White "Nayem, Haque"]
[Black "Mohammad Minhaz Uddin"]
[Result "0-1"]
[ECO "C43"]
[WhiteElo "2092"]
[BlackElo "2224"]
[Annotator "RC"]
[PlyCount "62"]
[EventDate "2024.01.16"]
[EventType "swiss"]
[EventCountry "BAN"]
[SourceTitle "playchess.com"]
[Source "ChessBase"]
[SourceQuality "1"]
[TimeControl "5400+30"]

1. e4 e5 2. Nf3 Nf6 3. d4 Nxe4 4. Bd3 d5 5. Nxe5 Nc6 6. Nxc6 bxc6 7. O-O Bd6 8. c4 Qh4 9. g3 Qf6 10. cxd5 cxd5 11. Bb5+ Kf8 12. Nc3 Bh3 13. Nxe4 dxe4 14. Re1 Qg6 15. Bc6 Re8 16. Bxe8 Kxe8 17. Bd2 f5 18. Rc1 f4 19. Qf3 e3 20. Bxe3 fxe3 21. Qa8+ Kf7 22. Qxh8 exf2+ 23. Kxf2 Qf6+ 24. Ke3 Qg5+ 25. Kd3 Qb5+ 26. Rc4 Bf5+ 27. Kd2 Qxc4 28. Qe8+ Kf6 29. Qd8+ Kg6 30. Qe8+ Kh6 31. Qe3+ g5 0-1

[Event "FIDE Rating Open 2024"]
[Site "Dhaka"]
[Date "2024.01.18"]
[Round "4.3"]
[White "Mohammad, Javed"]
[Black "Abu Sufian, Shakil"]
[Result "1/2-1/2"]
[ECO "D45"]
[WhiteElo "2088"]
[BlackElo "2199"]
[Annotator "RC"]
[PlyCount "78"]
[EventDate "2024.01.16"]
[EventType "swiss"]
[EventCountry "BAN"]
[SourceTitle "playchess.com"]
[Source "ChessBase"]
[SourceQuality "1"]
[TimeControl "5400+30"]

1. d4 d5 2. Nf3 Nf6 3. c4 c6 4. e3 e6 5. Nc3 Nbd7 6. Qc2 Bd6 7. b3 O-O 8. Be2 b6 9. O-O Bb7 10. Bb2 Qe7 11. Rfe1 Rfe8 12. Rad1 Rad8 13. g3 c5 14. cxd5 exd5 15. Nh4 g6 16. dxc5 bxc5 17. Bf3 Qe6 18. Nb5 Be5 19. Bg2 Qb6 20. Nc3 Qa5 21. Re2 Ba6 22. Red2 d4 23. Nd5 d3 24. Qc1 Bxb2 25. Qxb2 Nxd5 26. Bxd5 Nb6 27. e4 Nxd5 28. exd5 Rxd5 29. Ng2 Rde5 30. Nf4 Re1+ 31. Rxe1 Rxe1+ 32. Kg2 Bb7+ 33. f3 Rb1 34. Qxb1 Qxd2+ 35. Kf1 g5 36. Qxd3 Qxd3+ 37. Nxd3 Bxf3 38. Nxc5 f5 39. Kf2 Bc6 1/2-1/2

[Event "FIDE Rating Open 2024"]
[Site "Dhaka"]
[Date "2024.01.18"]
[Round "4.4"]
[White "Rahman, Syed Mahfuzur"]
[Black "Ahmed, Sheikh Nasir"]
[Result "1/2-1/2"]
[ECO "E36"]
[WhiteElo "2087"]
[BlackElo "2182"]
[Annotator "NA RC"]
[PlyCount "45"]
[EventDate "2024.01.16"]
[EventType "swiss"]
[EventCountry "BAN"]
[SourceTitle "playchess.com"]
[Source "ChessBase"]
[SourceQuality "1"]
[TimeControl "5400+30"]

1. d4 Nf6 2. c4 e6 3. Nc3 Bb4 4. Qc2 d5 5. a3 Bxc3+ 6. Qxc3 O-O 7. cxd5 Nxd5 8. Qc2 e5 $16 9. dxe5 Nc6 10. Nf3 Re8 11. Bg5 Qd7 12. O-O-O Qe6 13. e4 Nb6 14. Bf4 Qa2 15. Qb1 Qb3 16. Qc2 Qa2 17. Qb1 Qb3 18. Qc2 Qa2 19. Qb1 Qb3 20. Nd2 Qa4 21. Nf3 Qb3 22. Qc2 Qa2 23. Qb1 1/2-1/2

[Event "FIDE Rating Open 2024"]
[Site "Dhaka"]
[Date "2024.01.18"]
[Round "4.5"]
[White "Saiful Islam, Chowdhury"]
[Black "abzid, Rahman"]
[Result "0-1"]
[ECO "B29"]
[WhiteElo "2130"]
[BlackElo "2004"]
[Annotator "RC"]
[PlyCount "68"]
[EventDate "2024.01.16"]
[EventType "swiss"]
[EventCountry "BAN"]
[SourceTitle "playchess.com"]
[Source "ChessBase"]
[SourceQuality "1"]
[TimeControl "5400+30"]

1. e4 c5 2. Nf3 Nf6 3. e5 Nd5 4. c4 Nc7 5. b4 cxb4 6. a3 e6 7. Be2 d5 8. exd6 Bxd6 9. d4 bxa3 10. O-O Nc6 11. Nc3 O-O 12. Qc2 e5 13. d5 Nd4 14. Nxd4 exd4 15. Ne4 Bf5 16. Bd3 Bxe4 17. Bxe4 g6 18. f4 f5 19. Bf3 Na6 20. Bxa3 Bxa3 21. Rxa3 Qd6 22. Rfa1 Rac8 23. g3 Rc7 24. Qe2 Re7 25. Rxa6 bxa6 26. Rxa6 Rxe2 27. Rxd6 Re3 28. Kf2 Rb8 29. Bg2 Rb2+ 30. Kf1 Rc3 31. Kg1 d3 32. Rd8+ Kg7 33. Bf1 d2 34. Be2 d1=Q+ 0-1

[Event "FIDE Rating Open 2024"]
[Site "Dhaka"]
[Date "2024.01.18"]
[Round "4.6"]
[White "Zia, Tahsin Tajwar"]
[Black "Sajidul, Haque"]
[Result "1-0"]
[ECO "D43"]
[WhiteElo "2275"]
[BlackElo "1922"]
[Annotator "RC"]
[PlyCount "119"]
[EventDate "2024.01.16"]
[EventType "swiss"]
[EventCountry "BAN"]
[SourceTitle "playchess.com"]
[Source "ChessBase"]
[SourceQuality "1"]
[TimeControl "5400+30"]

1. d4 d5 2. c4 c6 3. Nf3 Nf6 4. Nc3 e6 5. Qd3 Nbd7 6. g3 b6 7. Bg2 Ba6 8. b3 Rc8 9. O-O Bb4 10. Bb2 O-O 11. Rac1 Qe7 12. a3 Bxc3 13. Qxc3 Ne4 14. Qe1 Rfe8 15. Nd2 Nxd2 16. Qxd2 Red8 17. Rfd1 Nf6 18. Qf4 Qd6 19. Qxd6 Rxd6 20. f3 Rdd8 21. e4 Bb7 22. e5 Ne8 23. f4 Rc7 24. Rd2 Rcd7 25. c5 f5 26. a4 Rb8 27. cxb6 axb6 28. Ba3 Ra8 29. Bb4 Nc7 30. Rdc2 Kf7 31. Bf1 Na6 32. Bd2 Rc7 33. b4 Rac8 34. Bxa6 Bxa6 35. b5 Bb7 36. a5 bxa5 37. Bxa5 Re7 38. bxc6 Ba6 39. c7 Bc4 40. Rb2 Ree8 41. Rcb1 Bd3 42. Rd1 Bc4 43. Rb7 Ke7 44. Rdb1 Kd7 45. R1b6 g6 46. Rd6+ Ke7 47. Rd8 Bd3 48. Kf2 h6 49. Ke3 Bf1 50. Rb8 Ba6 51. Kd2 Kf7 52. Rbxc8 Bxc8 53. Kc3 g5 54. Kb4 Bb7 55. Kb5 gxf4 56. gxf4 Bc8 57. Kb6 Ke7 58. Ka7 h5 59. Kb8 Ba6 60. c8=Q 1-0

[Event "FIDE Rating Open 2024"]
[Site "Dhaka"]
[Date "2024.01.19"]
[Round "5.1"]
[White "Mohammad Minhaz Uddin"]
[Black "abzid, Rahman"]
[Result "1-0"]
[ECO "B29"]
[WhiteElo "2224"]
[BlackElo "2004"]
[Annotator "RC"]
[PlyCount "73"]
[EventDate "2024.01.16"]
[EventType "swiss"]
[EventCountry "BAN"]
[SourceTitle "playchess.com"]
[Source "ChessBase"]
[SourceQuality "1"]
[TimeControl "5400+30"]

1. e4 c5 2. Nf3 Nf6 3. e5 Nd5 4. Nc3 Nxc3 5. dxc3 Nc6 6. Bf4 Qb6 7. b3 Qc7 8. Bd3 h6 9. h4 e6 10. Qe2 a6 11. O-O-O Qa5 12. Kb1 b5 13. Be4 Bb7 14. Bd2 Qc7 15. Bc1 O-O-O 16. Bb2 Na5 17. Nd2 Be7 18. c4 bxc4 19. Nxc4 Nxc4 20. Qxc4 f5 21. Bxb7+ Kxb7 22. h5 Qc6 23. f4 Rhg8 24. Bc3 g5 25. hxg6 Rxg6 26. Rh3 d5 27. exd6 Rxd6 28. Rxd6 Bxd6 29. Rd3 Bc7 30. Be5 Bxe5 31. fxe5 Rg4 32. Qc3 Qb5 33. Rd6 Qb4 34. Qe3 Rxg2 35. a3 Qe4 36. Qxc5 Qe1+ 37. Ka2 1-0

[Event "FIDE Rating Open 2024"]
[Site "Dhaka"]
[Date "2024.01.19"]
[Round "5.2"]
[White "Rahman, Ziaur"]
[Black "Mohammad, Javed"]
[Result "1-0"]
[ECO "D79"]
[WhiteElo "2428"]
[BlackElo "2088"]
[Annotator "RC"]
[PlyCount "100"]
[EventDate "2024.01.16"]
[EventType "swiss"]
[EventCountry "BAN"]
[SourceTitle "playchess.com"]
[Source "ChessBase"]
[SourceQuality "1"]
[TimeControl "5400+30"]

1. Nf3 Nf6 2. c4 c5 3. Nc3 Nc6 4. g3 g6 5. Bg2 Bg7 6. d4 cxd4 7. Nxd4 O-O 8. O-O d5 9. cxd5 Nxd5 10. Nxd5 Nxd4 11. Bg5 Nc6 12. Rc1 h6 13. Nxe7+ Nxe7 14. Qxd8 Rxd8 15. Bxe7 Re8 16. Ba3 Rxe2 17. Rfd1 Bf5 18. Bxb7 Rb8 19. Bf3 Ree8 20. b3 Rbc8 21. g4 Be6 22. Kg2 Be5 23. Rc5 Bf6 24. h3 Rcd8 25. Rxd8 Rxd8 26. Ra5 Bd4 27. Bc5 Bxc5 28. Rxc5 Rd7 29. h4 Kg7 30. Ra5 Kf6 31. Kg3 Ke7 32. Be4 Kf6 33. f3 g5 34. Bf5 Rc7 35. Bxe6 fxe6 36. h5 Ke7 37. Ra6 Kf6 38. Kf2 Ke5 39. Ra4 Kd5 40. Ke2 Ke5 41. Kd3 Rd7+ 42. Ke3 Rc7 43. Ra5+ Kf6 44. Ke4 Rd7 45. b4 Rb7 46. a3 Rd7 47. Rc5 Rd1 48. Rc7 Re1+ 49. Kd3 Rb1 50. Rxa7 Ke5 1-0

[Event "FIDE Rating Open 2024"]
[Site "Dhaka"]
[Date "2024.01.19"]
[Round "5.3"]
[White "Nasim Hossain, Bhuiyan"]
[Black "Zia, Tahsin Tajwar"]
[Result "0-1"]
[ECO "A47"]
[WhiteElo "1812"]
[BlackElo "2275"]
[Annotator "RC"]
[PlyCount "84"]
[EventDate "2024.01.16"]
[EventType "swiss"]
[EventCountry "BAN"]
[SourceTitle "playchess.com"]
[Source "ChessBase"]
[SourceQuality "1"]
[TimeControl "5400+30"]

1. d4 Nf6 2. Bf4 b6 3. e3 Bb7 4. Nf3 e6 5. h3 Be7 6. Nbd2 c5 7. c3 O-O 8. Bd3 d6 9. Qe2 cxd4 10. cxd4 Nd5 11. O-O Nxf4 12. exf4 a6 13. f5 exf5 14. Bxf5 Nc6 15. Rac1 Bf6 16. Nb3 g6 17. Bb1 Re8 18. Qd2 Ne7 19. Qd3 Nd5 20. Nbd2 Nf4 21. Qa3 Ne2+ 22. Kh1 Nxc1 23. Rxc1 Rc8 24. Rd1 b5 25. Bd3 Bg5 26. d5 Bxd5 27. Qxa6 Bxd2 28. Nxd2 Qh4 29. Kg1 Qg5 30. Bf1 Rc2 31. Qxb5 Re5 32. Qd3 Rxb2 33. Qd4 Rxa2 34. f4 Qh4 35. Nc4 Re1 36. Rxe1 Qxe1 37. Qxd5 Qf2+ 38. Kh2 Qxf4+ 39. Kg1 Qf2+ 40. Kh2 Qxf1 41. Qe4 Re2 42. Ne3 Qf3 0-1

[Event "FIDE Rating Open 2024"]
[Site "Dhaka"]
[Date "2024.01.19"]
[Round "5.5"]
[White "Abu Sufian, Shakil"]
[Black "Rahman, Syed Mahfuzur"]
[Result "0-1"]
[ECO "B51"]
[WhiteElo "2199"]
[BlackElo "2087"]
[Annotator "RC"]
[PlyCount "88"]
[EventDate "2024.01.16"]
[EventType "swiss"]
[EventCountry "BAN"]
[SourceTitle "playchess.com"]
[Source "ChessBase"]
[SourceQuality "1"]
[TimeControl "5400+30"]

1. e4 c5 2. Nf3 Nc6 3. Bb5 d6 4. O-O Bd7 5. Re1 a6 6. Bf1 Bg4 7. h3 Bxf3 8. Qxf3 g6 9. Qd1 Bg7 10. c3 e5 11. d3 Nf6 12. Be3 O-O 13. Nd2 b5 14. a3 Re8 15. b4 cxb4 16. axb4 d5 17. Bc5 d4 18. cxd4 Nxd4 19. Nb3 Nxb3 20. Qxb3 Nd7 21. Be3 Nb6 22. Rec1 Na4 23. Be2 Qd6 24. Rc2 Bf8 25. Bd2 Rac8 26. Rac1 Rxc2 27. Qxc2 Rd8 28. Qb3 Be7 29. g3 Nb6 30. Kg2 Rc8 31. Rf1 Nd7 32. f4 Bf6 33. Be3 exf4 34. gxf4 Rc3 35. Qb1 Bd4 36. e5 Qb6 37. Bd2 Rc7 38. Rc1 Nf8 39. Bf3 Ne6 40. Rxc7 Qxc7 41. Qb3 Qe7 42. Kg3 Qh4+ 43. Kxh4 Bf2+ 44. Kg4 h5# 0-1

[Event "FIDE Rating Open 2024"]
[Site "Dhaka"]
[Date "2024.01.19"]
[Round "5.6"]
[White "Ahmed, Sheikh Nasir"]
[Black "Sakline Mostafa, Sajid"]
[Result "1-0"]
[ECO "A11"]
[WhiteElo "2182"]
[BlackElo "2110"]
[Annotator "RC"]
[PlyCount "78"]
[EventDate "2024.01.16"]
[EventType "swiss"]
[EventCountry "BAN"]
[SourceTitle "playchess.com"]
[Source "ChessBase"]
[SourceQuality "1"]
[TimeControl "5400+30"]

1. c4 c6 2. Nf3 d5 3. b3 Nf6 4. g3 g6 5. Bb2 Bg7 6. Bg2 O-O 7. O-O a5 8. d3 a4 9. b4 b5 10. Qc1 Bb7 11. Rd1 Nbd7 12. Na3 Rc8 13. Bc3 Re8 14. Qb2 Ba6 15. Rac1 Qb6 16. Bd4 Qb7 17. Ne5 Nxe5 18. Bxe5 Bf8 19. cxd5 cxd5 20. Qd4 Red8 21. Nb1 Nd7 22. Bxd5 Nxe5 23. Bxb7 Rxc1 24. Rxc1 Rxd4 25. Bxa6 Rxb4 26. Nc3 Rb2 27. Bxb5 a3 28. Ba4 e6 29. Bb3 Bb4 30. Kf1 Rd2 31. Nd1 Kf8 32. h3 Rb2 33. Rc8+ Ke7 34. Nxb2 axb2 35. Bc2 Kd7 36. Rb8 Nc6 37. Rb7+ Kd6 38. e3 Bc3 39. Rb3 Kd5 1-0